 Dungeon Crawl Stone Soup version 0.18-a0-373-gaf408bd (webtiles) character file.

29 bart the Caller (level 3, -6/28 HPs)
             Began as a Naga Summoner on Nov 29, 2015.
             Killed from afar by Sigmund (9 damage)
             ... with a wand of flame
             ... on level 2 of the Dungeon.
             The game lasted 00:05:47 (1251 turns).

bart the Caller (Naga Summoner)                     Turns: 1251, Time: 00:05:47

Health: -6/28      AC:  2    Str: 10    XL:     3   Next: 16%
Magic:  6/6        EV:  5    Int: 16    God:
Gold:   30         SH:  0    Dex: 11    Spells: 2 memorised, 2 levels left

rFire  . . .     SeeInvis +     b - +0 hunting sling
rCold  . . .     Clarity  .     i - +0 robe
rNeg   . . .     SustAt   .     (no shield)
rPois  +         Gourm    .     (no helmet)
rElec  .         Spirit   .     (no cloak)
rCorr  .         Warding  .     (no gloves)
rMut   .         Stasis   .     (no barding)
MR     +....                    (no amulet)
Stlth  ++........               (no ring)
                                h - ring of protection from magic

@: very slow, somewhat resistant to hostile enchantments, unstealthy
A: see invisible, deformed body, poison resistance, slowness 2, slow metabolism
1, spit poison 2, AC +1
a: Spit Poison


You were on level 2 of the Dungeon.
You were hungry.

You visited 1 branch of the dungeon, and saw 2 of its levels.

You collected 30 gold pieces.

Inventory:

Hand Weapons
 a - a +2 dagger of electrocution
 b - a +0 hunting sling (weapon)
 e - a +0 club
Missiles
 j - 54 stones (quivered)
Armour
 i - a +0 robe (worn)
Jewellery
 h - a ring of protection from magic (left hand)
Scrolls
 g - 3 scrolls of identify {unknown}
 k - 2 scrolls of teleportation {unknown}
 l - a scroll of enchant armour {unknown}
 n - a scroll of fear {unknown}
 p - a scroll of magic mapping {unknown}
Potions
 m - a potion of heal wounds {unknown}
 o - 2 potions of lignification {unknown}
Books
 d - a book of Callings
Comestibles
 c - 2 bread rations
 f - a royal jelly


   Skills:
 - Level 1.5 Dodging
 - Level 3.1 Stealth
 - Level 2.0 Spellcasting
 + Level 4.9 Summonings


You had 2 spell levels left.
You knew the following spells:

 Your Spells              Type           Power        Failure   Level  Hunger
a - Summon Small Mammal   Summ           ###.         3%          1    #......
b - Call Canine Familiar  Summ           ###.....     12%         3    ###....


Dungeon Overview and Level Annotations

Branches:
Dungeon (2/15)

Altars:
Qazlal

Annotations:
D:2 Sigmund


Innate Abilities, Weirdness & Mutations

You cannot wear boots.
Your serpentine skin is tough (AC +1).
You have supernaturally acute eyesight.
Armour fits poorly on your strangely shaped body.
Your system is resistant to poisons.
You cover ground very slowly.
You have a slow metabolism.
You can spit poison.


Message History

A kobold is nearby!
A kobold is nearby!
Press: ? - help, Shift-Dir - straight line, f - kobold
Aim: a kobold The splash of poison hits the kobold.
The kobold is poisoned.
You kill the kobold!
You feel slightly more hungry.
You have got your breath back.
A hobgoblin comes into view. It is wielding a club.
A hobgoblin is nearby!
Press: ? - help, Shift-Dir - straight line, f - hobgoblin
Aim: a hobgoblin, wielding a club (resting)
The splash of poison hits the hobgoblin.
The hobgoblin is poisoned.
The hobgoblin is severely wounded.
The hobgoblin shouts!
You feel slightly more hungry.
You kill the hobgoblin!
Memorise Call Canine Familiar, consuming 3 spell levels and leaving 2?
You have got your breath back.
You start memorising the spell.
You continue memorising.
You continue memorising. x2
You finish memorising.
Spell assigned to 'b'.
Things that are here:
a club; a hobgoblin corpse You butcher the hobgoblin corpse.
o - a chunk of flesh You see here a club.
Eating a chunk of flesh.
This raw flesh tastes terrible.
You continue eating. x2
o - a fizzy clear potion
o - 2 fizzy clear potions (gained 1)
p - a scroll labeled NAUTZA ZOJO You see here a hunting sling.
k - 2 scrolls labeled RIWNIJAODGH (gained 1)
You see here a hunting sling.
A giant cockroach comes into view.
A giant cockroach is nearby!
Press: ? - help, Shift-Dir - straight line, f - giant cockroach
Aim: a giant cockroach (resting)
The splash of poison hits the giant cockroach.
The giant cockroach is heavily wounded.
You feel slightly more hungry.
Okay, then.
Firing (i - inventory):
j - 54 stones (quivered)
Press: ? - help, Shift-Dir - straight line, f/p - giant cockroach
Aim: a giant cockroach (heavily wounded, clinging)
You shoot a stone.
The stone hits the giant cockroach but does no damage.
The giant cockroach is heavily wounded.
You have got your breath back.
Press: ? - help, Shift-Dir - straight line, f/p - giant cockroach
Aim: a giant cockroach (heavily wounded, clinging)
The splash of poison misses the giant cockroach.
You feel slightly more hungry. The giant cockroach closely misses you.
Casting: Summon Small Mammal
Confirm with . or Enter, or press ? or * to list all spells.
The giant cockroach bites you. x2
Casting: Summon Small Mammal
Confirm with . or Enter, or press ? or * to list all spells.
The giant cockroach closely misses you.
Your quokka closely misses the giant cockroach.
Unknown command.
You have got your breath back.
Your quokka bites the giant cockroach but does no damage.
The giant cockroach bites your quokka.
Your quokka bites the giant cockroach but does no damage.
Your quokka misses the giant cockroach.
The giant cockroach closely misses your quokka.
Your quokka bites the giant cockroach.
The giant cockroach dies!
You swap places.
j - 54 stones (gained 1)
You start resting.
Magic restored.
You are feeling hungry.
Unknown command.
Eat which item? (? for menu, Esc to quit)
Okay, then.
Marking area around Sigmund as unsafe for travelling.
Sigmund the Dreaded comes into view.
He is wielding a scythe.
Sigmund shouts!
Your quokka disappears in a puff of smoke!
Sigmund casts a spell at you. The magic dart hits you!
Unknown command.
Sigmund zaps a wand.
The puff of flame hits you!
It is a wand of flame.
Your quokka disappears in a puff of smoke!
Sigmund casts a spell at you. The puff of flame misses you.
Sigmund zaps a wand.
The puff of flame hits you!
* * * LOW HITPOINT WARNING * * *
Unknown command.
Sigmund zaps a wand.
The puff of flame hits you!
* * * LOW HITPOINT WARNING * * *
There is a stone staircase leading up here.
Unknown command.
Drink which item? (? for menu, Esc to quit)
Okay, then.
Sigmund zaps a wand.
The puff of flame hits you!
You die...

...
...........#
###......).#
#####..###....#
......####....#
##........####
#..........#
#...%......#
#....).....#
#.@.ยง......#
#..........#
.............#
##...........##
..$.....######
..@)......
...........#
##........##


You could see Sigmund.

Vanquished Creatures
  A giant gecko (D:1)
  A giant cockroach (D:2)
  4 hobgoblins
  A bat (D:1)
  A giant newt (D:1)
  3 goblins (D:1)
  2 jackals (D:1)
  6 kobolds
19 creatures vanquished.

Vanquished Creatures (collateral kills)
  An adder (D:1)
  A giant cockroach (D:2)
  2 hobgoblins (D:1)
4 creatures vanquished.

Grand Total: 23 creatures vanquished

Notes
Turn   | Place    | Note
--------------------------------------------------------------
     0 | D:1      | bart the Naga Summoner began the quest for the Orb.
     0 | D:1      | Reached XP level 1. HP: 15/15 MP: 3/3
   391 | D:1      | Reached XP level 2. HP: 22/22 MP: 5/5
   716 | D:1      | HP: 5/22 [poisoned by an adder]
   962 | D:1      | Reached XP level 3. HP: 28/28 MP: 6/6
   990 | D:2      | Found a stormy altar of Qazlal.
  1083 | D:2      | Learned a level 3 spell: Call Canine Familiar
  1247 | D:2      | Noticed Sigmund
  1250 | D:2      | HP: 3/28 [Sigmund/wand of flame (7)]
  1251 | D:2      | Killed from afar by Sigmund

Vault maps used:
D:1:      dpeg_arrival_stonehenge_12_columns, minmay_misc_feat_room
D:2:      grunt_qazlal_sundering, minivault_4, uniq_sigmund, uniq_terence

Action                   || total
-------------------------++-------
Melee: Dagger            ||    11
 Fire: Hunting sling     ||     8
 Cast: Summon Small Mamm ||    14
 Abil: Spit Poison       ||    33
  Eat: Chunk             ||     2

Vault maps used:
D:1:      dpeg_arrival_stonehenge_12_columns, minmay_misc_feat_room
D:2:      grunt_qazlal_sundering, minivault_4, uniq_sigmund, uniq_terence

Table legend:
 A = Turns spent in this place as a percentage of turns spent in the entire game.
 B = Non-inter-level travel turns spent in this place as a percentage of non-inter-level travel turns spent in the entire game.
 C = Inter-level travel turns spent in this place as a percentage of turns spent in this place.
 D = Turns resting spent in this place as a percentage of non-inter-level travel turns spent in this place.
 E = Turns spent auto-exploring this place as a percentage of non-inter-level travel turns spent in this place.
 F = Non-inter-level travel turns spent in this place divided by the number of levels of this place that you've seen.
                   A       B       C       D       E      F
               +-------+-------+-------+-------+-------+----------------------
         Total | 100.0 | 100.0 |   0.1 |   1.9 |   0.0 | 351.0
       Dungeon | 100.0 | 100.0 |   0.1 |   1.9 |   0.0 | 351.0
               +-------+-------+-------+-------+-------+----------------------

Table legend:
 A = Kills in this place as a percentage of kills in entire the game.
 B = Kills by you in this place as a percentage of kills by you in the entire game.
 C = Kills by friends in this place as a percentage of kills by friends in the entire game.
 D = Other kills in this place as a percentage of other kills in the entire game.
 E = Experience gained in this place as a percentage of experience gained in the entire game.
 F = Experience gained in this place divided by the number of levels of this place that you have seen.
                   A       B       C       D       E      F
               +-------+-------+-------+-------+-------+----------------------
         Total | 100.0 | 100.0 | 100.0 |  -nan | 100.0 |  21.0
       Dungeon | 100.0 | 100.0 | 100.0 |  -nan | 100.0 |  21.0
               +-------+-------+-------+-------+-------+----------------------
